 Dungeon Crawl Stone Soup version 0.28-a0-653-g7e9dba17c3 (webtiles) character file.

Game seed: 18299184703095810070

45 siradein the Digger (level 3, -1/26 HPs)
             Began as a Ghoul Earth Elementalist on Oct 12, 2021.
             Slain by a frilled lizard (2 damage)
             ... on level 2 of the Dungeon.
             The game lasted 00:03:13 (1965 turns).

siradein the Digger (Ghoul Earth Elementalist)      Turns: 1965, Time: 00:03:14

Health: -1/26      AC:  2    Str: 11    XL:     3   Next: 64%
Magic:  2/4        EV: 12    Int: 11    God:
Gold:   47         SH:  0    Dex:  9    Spells: 4/5 levels left

rFire   . . .      SeeInvis .   (no weapon)
rCold   + . .      Faith    .   (no shield)
rNeg    + + +      Spirit   .   b - +0 robe
rPois   ∞          Reflect  .   (no helmet)
rElec   .          Harm     .   (no cloak)
rCorr   .          Rampage  .   (no gloves)
Will    .....                   (no boots)
Stlth   ++........              (no amulet)
HPRegen 0.00/turn               (no ring)
MPRegen 0.09/turn               (no ring)

@: inhibited regen
A: claws 1, cold resistance 1, negative energy resistance 3, inhibited
regeneration, torment resistance 2
a: no special abilities


You were on level 2 of the Dungeon.
You visited 1 branch of the dungeon, and saw 2 of its levels.

You collected 47 gold pieces.

Inventory:

Missiles
 c - 3 stones
Armour
 b - a +0 robe (worn)
Scrolls
 d - a scroll of brand weapon {unknown}
 e - a scroll of fog {unknown}
 f - a scroll of blinking {unknown}
 g - a scroll of vulnerability {unknown}
 j - a scroll of identify {unknown}
Potions
 a - a potion of ambrosia {unknown}
 h - a potion of curing {unknown}
 i - a potion of haste {unknown}


   Skills:
 - Level 1.7 Dodging
 - Level 2.1 Stealth
 - Level 1.7 Spellcasting
 - Level 0.8 Transmutations
 + Level 5.0 Earth Magic


You had 4 spell levels left.
You knew the following spells:

 Your Spells              Type           Power      Damage    Failure   Level
a - Sandblast             Erth           24%        2d8       3%          1

Your spell library contained the following spells:

 Spells                   Type           Power      Damage    Failure   Level
 Passwall                 Tmut/Erth      5%         N/A       14%         2
 Stone Arrow              Conj/Erth      12%        3d7       32%         3
 Blink                    Tloc           N/A        N/A       41%         2
 Frozen Ramparts          Ice            0%         1d2       65%         3
 Gell's Gravitas          Tloc           0%         N/A       65%         3
 Lesser Beckoning         Tloc           0%         N/A       65%         3
 Petrify                  Tmut/Erth      7%         N/A       65%         4
 Summon Ice Beast         Ice/Summ       0%         N/A       96%         4
 Summon Forest            Summ/Tloc      0%         N/A       100%        5
 Ice Form                 Ice/Tmut       Unusable   N/A       N/A         4

Dungeon Overview and Level Annotations

Branches:
Dungeon (2/15)

Altars:


Innate Abilities, Weirdness & Mutations

You thrive by killing the living.
You are immune to poison.
You have sharp fingernails.
Your flesh is cold resistant. (rC+)
You are immune to negative energy. (rN+++)
You do not regenerate when monsters are visible.
You are immune to unholy pain and torment.


Message History

The blast of sand hits the kobold.
You kill the kobold!
Unknown command.
You are too injured to fight recklessly!
You are too injured to fight recklessly!
You scratch the endoplasm.
The endoplasm is almost dead.
The endoplasm hits you but does no damage.
You barely miss the endoplasm.
The endoplasm is almost dead.
The endoplasm hits you but does no damage.
You scratch the endoplasm but do no damage.
The endoplasm is almost dead.
The endoplasm barely misses you.
You scratch the endoplasm.
You kill the endoplasm!
Your Earth Magic skill increases to level 5!
You scratch the goblin.
The goblin is moderately wounded.
The goblin hits you with a +0 club.
* * * LOW HITPOINT WARNING * * *
You scratch the goblin.
The goblin is severely wounded.
The goblin misses you.
You miss the goblin.
The goblin is severely wounded.
The goblin hits you with a +0 club.
* * * LOW HITPOINT WARNING * * *
Aiming: Sandblast (safe; 3% risk of failure)
Press: ? - help, Q - select action, (/) - cycle Shift-Dir - straight line, f - goblin
Aim: a goblin, wielding a +0 club (severely wounded, 74% to hit)
The blast of sand hits the goblin!
You kill the goblin!
Unknown command.
You closely miss the frilled lizard. The frilled lizard barely misses you.
You miss the frilled lizard. The frilled lizard barely misses you.
You closely miss the frilled lizard. The frilled lizard bites you.
* * * LOW HITPOINT WARNING * * *
You miss the frilled lizard. The frilled lizard bites you.
You die...

..)............#
...............##
.................
.............#.
.........?..## #
...#........##.#
.. #####..r<...#
. ####.########
#..rl@...#
########.# .. .#
#


You could see a frilled lizard and a rat.

Vanquished Creatures
  A gnoll (D:1)
  3 ball pythons (D:1)
  6 bats (D:1)
  2 endoplasms
  3 giant cockroaches (D:1)
  A hobgoblin (D:1)
  3 jackals (D:1)
  5 kobolds
  2 quokkas (D:1)
  2 goblins
  5 rats (D:1)
33 creatures vanquished.

Notes
Turn   | Place    | Note
-------+----------+-------------------------------------------
     0 | D:1      | siradein the Ghoul Earth Elementalist began the quest for
                  | the Orb.
     0 | D:1      | Reached XP level 1. HP: 14/14 MP: 2/2
   105 | D:1      | Reached XP level 2. HP: 4/20 MP: 0/3
   157 | D:1      | Reached skill level 4 in Earth Magic
   703 | D:1      | Found a faded altar of an unknown god.
   906 | D:1      | Reached XP level 3. HP: 26/26 MP: 0/4
  1470 | D:1      | Got the Grimoire of Orientation
  1958 | D:2      | Reached skill level 5 in Earth Magic
  1964 | D:2      | HP: 1/26 [frilled lizard (2)]
  1965 | D:2      | Slain by a frilled lizard

Illustrated notes

Levels and vault maps discovered:
D:1:      evilmike_arrival_home_sweet_home, layout_loops_ring,
          hellmonk_ecumenical_altar_pennies_from_heaven, dk_noncrumbling_2,
          chequers_serial_rivers_micro_b
D:2:      layout_loops_cross, uniq_robin, uniq_natasha, uniq_terence

Skill      XL: |  1  2  3 |
---------------+----------+-----
Earth Magic    | 4 5 |  5.0
Dodging        | |  1.7
Stealth        | |  2.1
Spellcasting   | |  1.7
Transmutations | |  0.8

Action                   || total
-------------------------++-------
Melee: Unarmed           ||    93
 Cast: Sandblast         ||    41
 Stab: Sleeping          ||     1
Armor: Robe              ||    21
Dodge: Dodged            ||    71

Table legend: (Time is in decaauts)
 A = Elapsed time spent in this place.
 B = Non-inter-level travel time spent in this place.
 C = Inter-level travel time spent in this place.
 D = Time resting spent in this place.
 E = Time spent auto-exploring this place.
 F = Levels seen in this place.
 G = Mean time per level.
                   A        B        C        D        E       F      G
               +--------+--------+--------+--------+--------+-----+--------+
         Total |   1966 |   1952 |     14 |      0 |   1527 |   2 |  983.0 |
       Dungeon |   1966 |   1952 |     14 |      0 |   1527 |   2 |  983.0 |
               +--------+--------+--------+--------+--------+-----+--------+

Top non-repeatable levels by time:
     D:1: 1920 daAuts
     D:2: 45 daAuts
